 Dungeon Crawl Stone Soup version 0.24-a0-715-g0b739ee41d (webtiles) character file.

Game seed: 7995899500041751162, levelgen mode: deterministic

51 Dexcius the Chopper (level 3, 0/33 HPs)
             Began as a Minotaur Berserker on Sept 30, 2019.
             Was a Believer of Trog.
             Slain by a worm (5 damage)
             ... on level 2 of the Dungeon.
             The game lasted 00:03:39 (1149 turns).

Dexcius the Chopper (Minotaur Berserker)            Turns: 1149, Time: 00:03:40

Health: 0/33       AC:  2    Str: 21    XL:     3   Next: 57%
Magic:  2/2        EV: 12    Int:  4    God:    Trog [**....]
Gold:   58         SH:  0    Dex: 10    Spells: 2/2 levels left

rFire    + . .     SeeInvis .   a - +0 hand axe
rCold    + . .     Gourm    .   (no shield)
rNeg     . . .     Faith    .   b - +0 animal skin
rPois    .         Spirit   .   (helmet restricted)
rElec    .         Reflect  .   d - scarf {rC+ rF+}
rCorr    .         Harm     .   (no gloves)
MR       .....                  (no boots)
Stlth    +.........             (no amulet)
HPRegen  0.11/turn              (no ring)
MPRegen  0.08/turn              (no ring)

@: no status effects
A: retaliatory headbutt, horns 2
a: Berserk, Trog's Hand, Renounce Religion


You were on level 2 of the Dungeon.
You worshipped Trog.
Trog was pleased with you.
You were not hungry.

You visited 1 branch of the dungeon, and saw 2 of its levels.

You collected 58 gold pieces.

Inventory:

Hand Weapons
 a - a +0 hand axe (weapon)
Armour
 b - a +0 animal skin (worn)
 d - a scarf of resistance (worn)
Jewellery
 f - an uncursed ring of flight {unknown}
 o - an uncursed ring of stealth {unknown}
Scrolls
 e - 3 scrolls of enchant weapon {unknown}
 g - a scroll of immolation {unknown}
 h - a scroll of random uselessness {unknown}
 i - a scroll of blinking {unknown}
 n - a scroll of amnesia {unknown}
Potions
 j - 2 potions of degeneration {unknown}
 k - a potion of brilliance {unknown}
 l - a potion of cancellation {unknown}
 m - a potion of berserk rage {unknown}
Comestibles
 c - 3 rations


   Skills:
 + Level 4.2 Fighting
 + Level 4.8 Axes
 + Level 2.5 Armour
 + Level 2.6 Dodging


You had 2 spell levels left.
You didn't know any spells.
Your spell library was empty.

Dungeon Overview and Level Annotations

Branches:
Dungeon (2/15)

Altars:
Ashenzari


Innate Abilities, Weirdness & Mutations

You reflexively headbutt those who attack you in melee.
You have a pair of horns on your head.


Message History

The worm bites you.
You completely miss the worm.
You headbutt the worm, but do no damage.
The worm is lightly wounded.
The worm bites you!
You barely miss the worm. You completely miss the worm.
Your headbutt misses the worm. The worm bites you!
You barely miss the worm. You headbutt the worm.
The worm is moderately wounded.
A leopard gecko comes into view.
You slash the worm!
The worm is severely wounded.
The worm barely misses you.
You hit the worm.
The worm is severely wounded.
You closely miss the hobgoblin. The hobgoblin hits you with a +0 club.
* * * LOW HITPOINT WARNING * * *
The worm bites you.
You die...

....#..###########
....#............#
....#............#
....#..........).#
......>.........[#
....##...........####
....##..............#
....##...........##.#
....##.......##.@#
....##.......#8gw8#
....#########..>....
##### #......##
##8l.8## ##..## ..##
.#


You could see a worm, a leopard gecko and a hobgoblin.

Vanquished Creatures
  An adder (D:2)
  3 dart slugs
  5 giant cockroaches
  4 hobgoblins
  4 jackals (D:1)
  2 frilled lizards (D:1)
  6 goblins
  3 kobolds
  5 rats (D:1)
33 creatures vanquished.

Notes
Turn   | Place    | Note
-------+----------+-------------------------------------------
     0 | D:1      | Dexcius the Minotaur Berserker began the quest for the Orb.
     0 | D:1      | Reached XP level 1. HP: 19/19 MP: 0/0
    99 | D:1      | Reached XP level 2. HP: 27/27 MP: 1/1
   472 | D:1      | Reached ** piety under Trog
   756 | D:2      | Reached XP level 3. HP: 33/33 MP: 2/2
  1040 | D:2      | Found a shattered altar of Ashenzari.
  1149 | D:2      | Slain by a worm

Levels and vault maps discovered:
D:1:      lightli_arrival_statue_moat, layout_loops_cross
D:2:      layout_basic, st_stairs_6, ashenzari_altar_1

Skill      XL: |  1  2 |
---------------+-------+-----
Axes           | 4 |  4.8
Fighting       | 4 |  4.2
Armour         | |  2.5
Dodging        | |  2.6

Action                   || total
-------------------------++-------
Melee: Hand axe          ||    63
       Headbutt          ||    15
  Eat: Ration            ||     1
Armor: Animal skin       ||    10
Dodge: Dodged            ||    32

Table legend:
 A = Non-vault XP
 B = Vault XP
 C = Vault XP percentage of total XP
 D = Non-vault monster count
 E = Vault monster count
 F = Vault count percentage of total count
                 A         B        C        D         E       F
            +---------+---------+-------+---------+---------+-------
      Total |      73 |       0 |   0.0 |      33 |       0 |   0.0
            +---------+---------+-------+---------+---------+-------
        D:1 |      40 |       0 |   0.0 |      23 |       0 |   0.0
        D:2 |      33 |       0 |   0.0 |      10 |       0 |   0.0
            +---------+---------+-------+---------+---------+-------
